AoeStats
← MP

African Clearing

510353928Analyzed
2v2 RM · 18h ago on Sep 30, 2026· 51m 6s· 4 players
Game mode
Random Map
Map size
Medium (4 player)
Population
200
Speed
Normal
Resources
Standard
Victory
Conquest
Starting age
Dark Age
Ending age
Imperial Age
RankedLock teamsTeams togetherTeam positionsShared explorationLock speedFull tech treeHidden civsTurbo modeCheats
Victory
Defeat
🇧🇷 Turks · Brazil
955
+14
🇹🇷 Huns · Türkiye
936
+15
🇸🇪 Magyars · Sweden
925
-15
🇸🇪 Spanish · Sweden
911
-14
JOSE_JOE
12:32 Loom
14:18 Feudal Age
18:46 Castle Age
19:40 Double-Bit Axe
21:12 Bow Saw
22:43 Horse Collar
23:17 Fletching
23:28 Padded Archer Armor
24:16 Heavy Plow
24:23 Bodkin Arrow
26:50 Leather Archer Armor
30:00 Wheelbarrow
29:11 Town Watch
31:04 Ballistics
32:21 Hand Cart
34:05 Thumb Ring
34:18 Bloodlines
34:08 Husbandry
38:58 Imperial Age
36:33 Light Cavalry
39:24 Forging
39:20 Scale Barding Armor
39:54 Gold Mining
39:55 Stone Mining
40:23 Hussar
41:36 Parthian Tactics
42:52 Gold Shaft Mining
42:53 Heavy Cavalry Archer
44:41 Chemistry
46:31 Bracer
46:52 Chain Barding Armor
47:08 Iron Casting
MP
13:29 Loom
17:43 Feudal Age
18:46 Double-Bit Axe
18:58 Stone Mining
22:52 Castle Age
22:25 Gold Mining
22:18 Horse Collar
23:17 Wheelbarrow
25:42 Bow Saw
28:06 Town Watch
33:08 Hand Cart
38:13 Imperial Age
37:48 Town Patrol
39:08 Artillery
38:30 Elite Janissary
40:19 Conscription
41:18 Two-Man Saw
Boris The Blade
13:25 Feudal Age
13:54 Town Watch
24:23 Castle Age
23:02 Double-Bit Axe
23:21 Stone Mining
23:55 Gold Mining
25:03 Fletching
36:01 Bodkin Arrow
43:27 Bow Saw
43:46 Inquisition
45:44 Scale Barding Armor
45:40 Scale Mail Armor
45:51 Forging
49:51 Imperial Age
48:03 Ballistics
48:18 Padded Archer Armor
48:32 Elite Skirmisher
49:55 Leather Archer Armor
maelmoor
9:42 Loom
13:03 Feudal Age
13:30 Double-Bit Axe
16:59 Horse Collar
21:42 Castle Age
23:11 Husbandry
26:22 Elite Skirmisher
27:35 Town Watch
28:26 Padded Archer Armor
28:33 Fletching
29:49 Bodkin Arrow
30:47 Thumb Ring
31:54 Ballistics
32:40 Leather Archer Armor
34:18 Wheelbarrow
36:34 Hand Cart
39:20 Imperial Age
40:06 Bracer
41:23 Bloodlines
41:48 Parthian Tactics
42:31 Ring Archer Armor
42:58 Bow Saw
43:12 Recurve Bow
43:33 Conscription
44:11 Masonry
47:20 Hoardings
47:15 Heavy Cavalry Archer
Connection lost

Rejoining the realm…

Still unreachable

The connection could not be restored.

Session expired

The server has moved on; the page needs a fresh start.